Map: Eternal Empire LE

Players

Vertabreaker

  • Race: Terran Terran
  • League: Gold
  • Spawn Location: 1:00

antagomiR - Winner!

  • Race: Protoss Protoss
  • League: Silver
  • Spawn Location: 7:00

VOD

Have the link to the VOD?

Description

Time

  • Played on: March 30, 2020, 11:51 p.m.
  • Length: 15:17
Show
View Real Time Build Order
Export as new Build Order

Vertabreaker Terran 

Build Orders: 2 Factory 

Get SALT Encoding   

  12  0:01  SCV  
  13  0:13  SCV  
  14  0:17  Supply Depot  
  14  0:25  SCV  
  15  0:39  SCV  
  15  0:40  Barracks  
  16  0:48  Refinery  
  16  0:51  SCV  
  17  1:03  SCV  
  18  1:15  SCV  
  19  1:29  Marine  
  19  1:30  Orbital Command  
  20  1:35  Supply Depot  
  20  1:51  Factory  
  20  1:53  Marine  
  21  2:07  Command Center  
  21  2:13  SCV  
  22  2:16  Marine  
  23  2:26  SCV, Refinery  
  24  2:34  Marine  
  25  2:38  SCV  
  26  2:44  Factory Reactor  
  26  2:49  Factory  
  26  2:50  SCV  
  27  2:52  Marine  
  28  3:02  SCV  
  28  3:14  SCV  
  28  3:15  Marine  
  30  3:27  Widow Mine x2, Command Center  
  32  3:30  SCV  
  35  3:42  SCV  
  35  3:43  Refinery  
  35  3:45  Refinery  
  36  3:50  Orbital Command  
  36  3:54  Factory Tech Lab  
  36  3:59  Widow Mine  
  38  4:14  Starport  
  38  4:28  Armory  
  38  4:29  Widow Mine  
  38  4:30  Widow Mine x2  
  44  4:38  Marine  
  45  4:50  Engineering Bay  
  45  4:51  Widow Mine x2  
  49  4:55  Widow Mine  
  49  4:56  Marine  
  52  5:16  Planetary Fortress  
  52  5:24  Supply Depot  
  52  5:25  Supply Depot  
  52  5:26  SCV x2, Supply Depot  
  54  5:33  Starport Tech Lab  
  54  5:38  SCV x2  
  54  5:39  Supply Depot  
  60  5:43  Widow Mine x2  
  60  5:46  Widow Mine  
  62  5:50  SCV x2  
  62  5:52  Supply Depot x2  
  62  5:54  Supply Depot  
  62  5:56  Raven  
  66  6:05  SCV x2  
  68  6:17  SCV x2  
  70  6:23  Refinery x2  
  70  6:29  SCV x2  
  70  6:30  SCV  
  73  6:39  Supply Depot  
  73  6:41  SCV x2, Supply Depot  
  73  6:42  SCV  
  73  6:44  Supply Depot  
  76  6:50  Widow Mine x2  
  76  6:52  Widow Mine  
  76  6:53  SCV x2  
  84  6:54  SCV  
  84  6:55  Raven  
  87  7:25  Widow Mine x2  
  87  7:26  Widow Mine  
  87  7:29  Corvid Reactor  
  93  7:34  Hi-Sec Auto Tracking  
  93  7:36  SCV x3  
  96  7:38  Raven  
  98  7:48  SCV x2  
  98  7:49  SCV  
  101  7:54  Widow Mine x3  
  105  8:00  SCV x2  
  105  8:01  SCV  
  108  8:21  Raven, Widow Mine x3  
  116  8:32  Starport  
  116  8:55  Command Center  
  114  9:03  Raven  
  88  9:10  Command Center  
  88  9:14  Widow Mine x3  
  90  9:23  Starport Tech Lab  
  88  9:29  Terran Vehicle Weapons Level 1  
  88  9:30  Neosteel Armor, Factory  
  88  9:35  Widow Mine x3  
  94  9:57  Widow Mine x3  
  100  10:08  Raven  
  100  10:11  Raven  
  104  10:14  Factory Tech Lab  
  104  10:17  Factory Reactor  
  104  10:18  Widow Mine x3  
  104  10:19  Drilling Claws  
  106  10:39  Widow Mine x2  
  106  10:40  Widow Mine  
  101  10:51  SCV x2  
  101  10:52  SCV  
  104  11:01  Missile Turret x2, Widow Mine x3  
  104  11:02  Missile Turret  
  104  11:03  SCV  
  104  11:04  SCV x2  
  113  11:06  Missile Turret, Planetary Fortress  
  113  11:08  Planetary Fortress  
  113  11:13  Missile Turret  
  113  11:15  SCV  
  113  11:16  SCV x2  
  113  11:18  Missile Turret  
  114  11:22  Widow Mine x3  
  114  11:24  Missile Turret  
  118  11:28  SCV x3  
  121  11:34  Missile Turret  
  121  11:37  Widow Mine x2  
  121  11:38  Missile Turret  
  125  11:40  Raven, SCV x3  
  125  11:43  Raven, Widow Mine  
  125  11:44  Widow Mine x2  
  138  11:52  SCV x3  
  141  11:56  Missile Turret  
  141  11:59  Missile Turret, Widow Mine  
  143  12:04  SCV x2  
  143  12:06  SCV x3  
  148  12:10  Widow Mine  
  148  12:11  Widow Mine x3  
  156  12:16  SCV x2  
  156  12:17  Missile Turret  
  156  12:18  SCV x3  
  156  12:20  Supply Depot, Widow Mine  
  156  12:21  Missile Turret, Supply Depot  
  156  12:22  Raven, Supply Depot  
  163  12:26  Raven  
  163  12:28  SCV  
  168  12:32  Widow Mine  
  170  12:39  Missile Turret  
  170  12:42  Widow Mine x3  
  170  12:43  Missile Turret  
  176  13:00  Refinery  
  176  13:02  Missile Turret  
  176  13:03  Missile Turret  
  176  13:05  Refinery  
  160  13:17  Command Center  
  128  13:21  Command Center  
  128  13:23  Missile Turret x2  
  128  13:31  Widow Mine x4  
  128  13:32  Widow Mine  
  128  13:33  Raven x2  
  142  13:43  Missile Turret  
  141  13:52  Widow Mine  
  141  13:53  Widow Mine  
  141  13:54  Widow Mine x3  
  151  14:04  Missile Turret  
  151  14:14  Widow Mine  
  151  14:15  Widow Mine x3  
  151  14:16  Raven x2  
Show
View Real Time Build Order
Export as new Build Order

antagomiR Protoss - Winner!

Build Orders:  

Get SALT Encoding   

  12  0:01  Probe  
  13  0:13  Probe  
  14  0:19  Pylon  
  14  0:25  Probe  
  15  0:37  Probe (Chrono Boost)  
  15  0:39  Gateway  
  16  0:49  Probe (Chrono Boost)  
  17  0:51  Assimilator  
  17  0:57  Probe (Chrono Boost)  
  18  1:04  Probe  
  18  1:10  Assimilator  
  19  1:16  Probe  
  20  1:26  Cybernetics Core  
  20  1:37  Probe  
  21  1:49  Probe, Pylon  
  21  1:59  Warp Gate (Chrono Boost)  
  21  2:01  Probe  
  22  2:08  Stalker  
  22  2:13  Probe  
  25  2:22  Nexus  
  25  2:28  Probe (Chrono Boost)  
  26  2:40  Probe (Chrono Boost)  
  27  2:48  Probe (Chrono Boost)  
  28  2:54  Probe  
  29  3:06  Robotics Facility  
  29  3:10  Probe  
  31  3:13  Sentry  
  31  3:27  Pylon  
  31  3:33  Probe  
  32  3:40  Pylon  
  32  3:43  Gateway x2  
  32  3:45  Probe  
  32  3:47  Gateway  
  33  3:50  Probe  
  34  3:56  Assimilator  
  34  3:57  Probe  
  34  4:00  Assimilator  
  34  4:02  Shield Battery  
  35  4:05  Sentry  
  37  4:19  Observer (Chrono Boost)  
  38  4:33  Immortal (Chrono Boost)  
  38  4:34  Zealot  
  38  4:38  Probe x2  
  46  4:46  Forge  
  46  4:47  Zealot  
  46  4:48  Zealot  
  46  4:50  Probe x2  
  52  4:54  Stalker  
  52  4:59  Sentry  
  56  5:02  Probe x2  
  59  5:14  Probe x2  
  59  5:17  Protoss Ground Weapons Level 1 (Chrono Boost)  
  59  5:18  Observer  
  61  5:26  Probe  
  62  5:33  Photon Cannon  
  62  5:36  Pylon  
  62  5:44  Pylon  
  62  5:53  Gateway  
  62  5:54  Probe x2, Immortal  
  68  5:58  Zealot  
  70  6:06  Probe x2  
  72  6:22  Probe x2  
  72  6:24  Nexus  
  74  6:26  Pylon  
  74  6:29  Pylon, Twilight Council  
  74  6:34  Probe x2  
  74  6:36  Pylon  
  76  6:40  Pylon  
  75  6:52  Shield Battery  
  75  6:53  Probe  
  75  6:54  Probe  
  77  6:57  Zealot x2  
  77  6:58  Zealot  
  83  7:04  Immortal  
  83  7:05  Probe  
  83  7:06  Probe  
  89  7:11  Zealot  
  91  7:18  Probe x2, Photon Cannon  
  93  7:43  Observer, Stalker x2  
  98  7:44  Zealot  
  98  7:45  Zealot x2  
  104  7:59  Pylon  
  104  8:02  Pylon  
  104  8:03  Photon Cannon  
  104  8:05  Probe x2, Immortal  
  110  8:06  Photon Cannon  
  110  8:14  Assimilator  
  110  8:17  Probe x2  
  110  8:18  Probe, Assimilator  
  113  8:22  Protoss Ground Weapons Level 2 (Chrono Boost)  
  113  8:29  Probe x2  
  113  8:30  Probe  
  113  8:33  Templar Archives  
  116  8:43  Warp Prism  
  116  8:46  Zealot x3  
  116  8:47  Zealot x2  
  128  9:01  Photon Cannon  
  128  9:09  Stalker x3  
  134  9:10  Stalker x2  
  138  9:20  Observer  
  138  9:22  Probe  
  138  9:23  Probe  
  141  9:35  Pylon  
  141  9:42  Pylon  
  141  9:44  Pylon  
  141  9:48  Pylon  
  141  9:53  Probe x2, Immortal  
  147  10:03  Stalker  
  147  10:04  Stalker x2  
  153  10:10  High Templar x2  
  156  10:21  Probe  
  156  10:22  Probe x2  
  158  10:31  Zealot  
  158  10:32  Immortal, Zealot x2  
  158  10:34  Probe x2  
  170  10:45  Probe  
  170  10:46  Probe x2  
  167  10:52  High Templar x3  
  173  11:02  Pylon  
  173  11:03  Archon  
  173  11:06  Pylon  
  173  11:09  Pylon  
  170  11:24  Archon  
  170  11:37  Nexus  
  170  11:49  Pylon  
  170  11:50  Observer  
  170  11:52  Pylon  
  171  11:59  Probe  
  171  12:00  Probe x2  
  174  12:03  Zealot  
  174  12:04  Zealot  
  174  12:05  High Templar  
  174  12:06  High Templar x2  
  184  12:10  Archon  
  184  12:13  Archon  
  184  12:24  Protoss Ground Weapons Level 3 (Chrono Boost)  
  184  12:30  Probe  
  184  12:31  Probe x2  
  187  12:38  Gateway  
  187  12:39  Gateway  
  187  12:41  Gateway  
  187  12:43  Gateway x2  
  187  12:45  Probe x3  
  187  12:47  Gateway  
  189  12:57  Probe  
  190  12:59  High Templar x3  
  190  13:00  High Templar x2  
  190  13:03  Archon x2  
  177  13:27  Probe  
  177  13:28  Probe x2  
  180  13:35  Unknown  
  180  13:38  High Templar  
  180  13:39  Probe, High Templar x3  
  180  13:40  Probe, High Templar x4  
  180  13:41  High Templar  
  200  13:43  Archon x2  
  200  13:44  Archon x2  
  200  13:46  Archon  
  200  14:12  Pylon  
  186  14:52  High Templar x5  
  187  14:53  High Templar x2  
  193  15:00  Nexus  
  193  15:02  Pylon  
  193  15:05  Pylon  
Tags
 
Matchup
PvT
Opening
2 Factory
Replay Pack
20200422
Spawn Locations
Cross Positions
Add a new tag
Caveats
  • Supply blocks, unpowered buildings, or Contaminate may cause inaccurate times.
  • Supply counts are checked every 10 seconds.